Map: King Sejong Station LE

Players

HihfglggGO

  • Race: Protoss Protoss
  • League: Platinum

blackxored - Winner!

  • Race: Zerg Zerg
  • League: Platinum

VOD

Have the link to the VOD?

Description

Time

  • Played on: June 26, 2016, 9:48 p.m.
  • Length: 12:16
Show
View Real Time Build Order
Export as new Build Order

HihfglggGO Protoss 

Build Orders:  

Get SALT Encoding   

  12  0:01  Probe (Chrono Boost)  
  13  0:11  Probe (Chrono Boost)  
  14  0:18  Pylon  
  14  0:22  Probe (Chrono Boost)  
  15  0:36  Probe (Chrono Boost)  
  15  0:42  Gateway  
  16  0:47  Probe (Chrono Boost)  
  17  0:57  Probe (Chrono Boost)  
  18  1:04  Assimilator  
  18  1:06  Assimilator  
  18  1:08  Probe (Chrono Boost)  
  20  1:18  Probe (Chrono Boost)  
  20  1:31  Cybernetics Core  
  20  1:32  Probe (Chrono Boost)  
  21  1:46  Probe (Chrono Boost)  
  22  1:53  Pylon  
  22  1:56  Probe (Chrono Boost)  
  23  2:09  Pylon  
  23  2:13  Stargate  
  23  2:20  Probe (Chrono Boost)  
  24  2:33  Stargate  
  24  2:42  Nexus  
  23  2:53  Stalker (Chrono Boost)  
  25  3:07  Pylon  
  25  3:16  Void Ray  
  29  3:22  Zealot (Chrono Boost)  
  31  3:31  Void Ray  
  35  3:45  Zealot (Chrono Boost)  
  37  3:54  Pylon  
  37  4:12  Void Ray  
  41  4:26  Void Ray  
  45  4:32  Pylon  
  45  5:02  Void Ray  
  49  5:24  Nexus  
  52  5:46  Void Ray  
  53  6:13  Nexus  
  53  6:30  Probe  
  54  6:35  Void Ray  
  58  6:42  Probe  
  59  7:05  Warp Gate (Chrono Boost)  
  59  7:09  Pylon  
  59  7:10  Pylon  
  59  7:12  Pylon  
  55  7:53  Probe  
  55  7:55  Probe  
  57  8:04  Gateway, Probe  
  57  8:05  Gateway, Probe  
  57  8:08  Gateway  
  57  8:11  Gateway  
  59  8:14  Probe  
  59  8:16  Probe  
  59  8:17  Assimilator  
  61  8:25  Probe  
  61  8:26  Probe  
  63  8:35  Probe  
  64  8:46  Probe  
  64  8:48  Probe  
  66  8:58  Probe  
  67  9:13  Nexus  
  67  9:19  Pylon  
  67  9:20  Pylon  
  67  9:22  Twilight Council, Pylon  
  67  9:23  Pylon  
  67  9:28  Assimilator  
  67  9:30  Probe  
  67  9:32  Assimilator  
  68  9:41  Probe  
  66  9:51  Probe  
  41  10:02  Dark Shrine, Probe  
  41  10:04  Sentry  
  41  10:05  Sentry, Stalker x2  
  41  10:06  Stalker  
  52  10:11  Pylon  
  52  10:12  Probe, Assimilator  
  53  10:23  Probe  
  53  10:27  Blink (Chrono Boost)  
  54  10:29  Probe  
  54  10:35  Assimilator  
  56  10:39  Probe  
  37  11:15  Stalker x5  
  35  11:44  Stalker x2  
  35  11:45  Sentry  
  37  11:53  Sentry  
  39  11:56  Sentry  
Show
View Real Time Build Order
Export as new Build Order

blackxored Zerg - Winner!

Build Orders: Hatch First 

Get SALT Encoding   

  12  0:01  Drone  
  13  0:12  Drone  
  14  0:23  Overlord  
  14  0:26  Extractor  
  14  0:27  Drone  
  15  0:43  Drone x2  
  17  1:03  Drone  
  18  1:04  Drone  
  18  1:09  Hatchery  
  18  1:20  Extractor  
  18  1:22  Spawning Pool  
  18  1:23  Drone x2  
  18  1:29  Drone  
  19  1:39  Drone  
  20  1:50  Drone  
  21  2:15  Zergling x2  
  22  2:16  Overlord  
  22  2:20  Metabolic Boost  
  22  2:53  Drone x5  
  22  2:54  Drone  
  22  2:58  Queen  
  30  3:08  Hatchery  
  30  3:12  Queen, Drone x2  
  33  3:16  Overlord x2  
  33  3:33  Drone x2  
  33  3:34  Extractor, Pneumatized Carapace  
  35  3:36  Drone  
  35  3:41  Drone  
  36  3:49  Zergling x4  
  38  3:58  Drone x2  
  40  4:09  Queen  
  42  4:16  Queen  
  44  4:23  Queen  
  46  4:37  Drone x10  
  56  4:57  Spore Crawler  
  56  4:58  Lair  
  55  5:04  Spore Crawler  
  54  5:08  Extractor  
  54  5:10  Extractor  
  52  5:15  Spore Crawler, Drone x6  
  52  5:18  Drone  
  58  5:25  Drone  
  58  5:26  Spore Crawler  
  56  5:35  Queen  
  50  5:48  Drone x6  
  50  5:49  Drone x2  
  58  5:50  Spore Crawler  
  55  5:59  Hydralisk Den  
  53  6:09  Queen  
  53  6:10  Queen  
  51  6:22  Hatchery  
  50  6:25  Overlord  
  50  6:26  Overlord  
  50  6:28  Hydralisk  
  50  6:30  Overlord  
  50  6:31  Overlord x2  
  52  6:36  Spore Crawler  
  51  6:44  Queen  
  53  6:47  Hydralisk  
  53  6:48  Hydralisk x5  
  53  6:53  Spore Crawler  
  62  6:59  Hydralisk x2  
  65  7:10  Hydralisk  
  65  7:20  Queen  
  65  7:22  Hydralisk  
  69  7:28  Nydus Network  
  68  7:30  Overlord  
  66  7:44  Hydralisk Den  
  66  7:48  Queen  
  65  7:56  Queen  
  65  7:57  Overlord  
  67  8:00  Zergling x12  
  73  8:19  Hydralisk x2  
  73  8:20  Hydralisk x3  
  83  8:45  Hydralisk x3  
  89  8:58  Nydus Network  
  85  9:21  Evolution Chamber  
  84  9:27  Hydralisk x2  
  88  9:56  Spawning Pool  
  87  10:09  Hydralisk x2  
  90  11:05  Nydus Canal  
  90  11:09  Hydralisk x3  
  96  11:22  Hatchery  
  92  11:35  Zergling x4  
  90  11:46  Drone  
Tags
 
Add a new tag
Caveats
  • Supply blocks, unpowered buildings, or Contaminate may cause inaccurate times.
  • Supply counts are checked every 10 seconds.